 Dungeon Crawl Stone Soup version 0.28-a0-479-g5baa6b73be (webtiles) character file.

Game seed: 14170473855960617340

14065 CraigForest the Basher (level 11, 0/100 HPs)
             Began as a Troll Abyssal Knight on Sept 17, 2021.
             Was a High Priest of Lugonu.
             Slain by Strat's ghost (13 damage)
             ... on level 10 of the Dungeon.
             The game lasted 01:13:08 (7224 turns).

CraigForest the Basher (Troll Abyssal Knight)       Turns: 7224, Time: 01:13:09

Health: 0/100      AC: 18    Str: 22      XL:     11   Next: 83%
Magic:  22/22      EV: 10    Int:  4 (10) God:    Lugonu [*****.]
Gold:   384        SH:  0    Dex: 16      Spells: 1/12 levels left

rFire   . . .      SeeInvis .   a - +6 flail (drain)
rCold   . . .      Faith    +   (no shield)
rNeg    + . .      Spirit   .   M - +1 pearl dragon scales
rPois   .          Reflect  .   L - +0 hat
rElec   .          Harm     .   s - +2 cloak
rCorr   .          Rampage  .   (gloves unavailable)
Will    .....      Rage     1%  (boots unavailable)
Stlth   ..........              U - amulet of faith
HPRegen 1.26/turn               l - ring of magical power
MPRegen 0.18/turn               q - +6 ring of dexterity

@: hasted, very quick
A: large, unfitting armour, claws 3, regeneration 1, shaggy fur 1, tough skin 1,
horns 1, berserk 1
a: Renounce Religion, Depart the Abyss, Bend Space, Banish, Corrupt, Enter the
Abyss


You were on level 10 of the Dungeon.
You worshipped Lugonu.
Lugonu was extremely pleased with you.
You visited 2 branches of the dungeon, and saw 11 of its levels.
You visited the Abyss 1 time.
You also visited: Ossuary.

You collected 557 gold pieces.
You spent 173 gold pieces at shops.

Inventory:

Hand Weapons
 a - a +6 flail of draining (weapon)
 b - a +2 whip of electrocution
 D - the +3 shortbow of the Imperium {speed, Str+5}
   (You found it on level 9 of the Dungeon)

   Attacks with this weapon are significantly faster.
   Str:       It affects your strength (+5).
 G - a +5 hand axe of electrocution
 H - a +0 morningstar
 I - a +3 short sword of freezing
 P - a +0 giant spiked club
Missiles
 c - 4 atropa-tipped darts
 e - 6 javelins
 f - 222 stones
 u - 3 boomerangs
 x - 53 poisoned darts
 y - 6 curare-tipped darts
 S - 51 arrows
Armour
 s - a +2 cloak (worn)
 L - a +0 hat (worn)
 M - +1 pearl dragon scales (worn)
 V - a +0 robe of the Archmagi
Magical Staves
 h - a staff of cold
 k - a staff of air
 O - a staff of conjuration
 R - a staff of death
Jewellery
 l - a ring of magical power (left claw)
 q - a +6 ring of dexterity (right claw)
 C - a ring of magical power
 U - an amulet of faith (around neck)
Wands
 w - a wand of paralysis (13)
 N - a wand of flame (25) (quivered)
 T - a wand of iceblast (8)
Scrolls
 i - a scroll of fog
 j - 6 scrolls of teleportation
 p - 6 scrolls of fear
 z - a scroll of amnesia
 B - a scroll of silence
 K - 2 scrolls of immolation
Potions
 d - a potion of might
 g - 2 potions of mutation
 m - 4 potions of flight
 n - a potion of ambrosia {unknown}
 o - 7 potions of curing
 r - 2 potions of berserk rage {unknown}
 v - a potion of invisibility
 A - a potion of haste
 E - 2 potions of brilliance
 F - 2 potions of lignification
 Q - a potion of resistance {unknown}
 W - a potion of cancellation
 X - a potion of magic {unknown}
Miscellaneous
 t - a piece from Xom's chessboard (14/15)


   Skills:
 - Level 4.0 Fighting
 + Level 10.0 Maces & Flails
 - Level 1.0 Throwing
 - Level 6.0 Armour
 - Level 7.0 Dodging
 - Level 8.0 Unarmed Combat
 - Level 1.0 Spellcasting
 - Level 1.0 Conjurations
 - Level 1.0 Hexes
 - Level 1.0 Transmutations
 - Level 5.0 Earth Magic
 - Level 4.0 Invocations
 - Level 1.0 Evocations


You had one spell level left.
You knew the following spells:

 Your Spells              Type           Power      Damage    Failure   Level
a - Sandblast             Erth           8%         2d5       19%         1
b - Passwall              Tmut/Erth      1%         N/A       54%         2
c - Stone Arrow           Conj/Erth      4%         3d7       78%         3
d - Slow                  Hex            1%         N/A       83%         2
e - Vampiric Draining     Necr           0%         2d6       99%         3

Your spell library contained the following spells:

 Spells                   Type           Power      Damage    Failure   Level
 Corpse Rot               Necr/Air       N/A        N/A       92%         2
 Confusing Touch          Hex            1%         N/A       96%         3
 Dazzling Flash           Conj/Hex       2%         N/A       96%         3
 Gell's Gravitas          Tloc           0%         N/A       99%         3
 Teleport Other           Tloc           0%         N/A       99%         3
 Dispel Undead            Necr           0%         3d6       100%        4
 Iskenderun's Mystic Bla  Conj/Tloc      0%         2d3       100%        4
 Death Channel            Necr           0%         N/A       100%        6
 Dispersal                Tloc           0%         N/A       100%        6
 Starburst                Conj/Fire      0%         6d3       100%        6
 Borgnjor's Revivificati  Necr           0%         N/A       100%        8
 Necromutation            Tmut/Necr      0%         N/A       100%        8
 Death's Door             Necr           0%         N/A       100%        9


Dungeon Overview and Level Annotations

Branches:
Dungeon (10/15)            Temple (1/1) D:4            Lair (0/6) D:10
Ossuary (visited)
    Orc: D:9-12

Altars:
Ashenzari
Cheibriados
Dithmenos
Elyvilon
Fedhas
Gozag
Hepliaklqana
Kikubaaqudgha
Makhleb
Nemelex Xobeh
Okawaru
Qazlal
Ru
Sif Muna
Trog
Uskayaw
Vehumet
Wu Jian
Xom
Yredelemnul
Zin
The Shining One

Shops:
D:4 ?   D:5 ?

Annotations:
D:10 Strat's ghost, journeyman TeFi


Innate Abilities, Weirdness & Mutations

You are too large for most types of armour.
You have claws for hands.
Your natural rate of healing is unusually fast.
You are covered in fur. (AC +1)
You have tough skin. (AC +1)
You have a pair of small horns on your head.
You tend to lose your temper in combat.


Message History

The meliai poisons you!
You feel better. The meliai hits you but does no damage.
The meliai stings you but does no damage.
The meliai hits you!
* * * LOW HITPOINT WARNING * * *
The meliai stings you but does no damage.
You thump the meliai!
You kill the meliai!
Lugonu accepts your kill.
Your Maces & Flails skill increases to level 10!
As you read the scroll of immolation, it crumbles to dust.
The creatures around you are filled with an inner flame!
Aiming: Throw Flame
Press: ? - help, Q - select action, (/) - cycle Shift-Dir - straight line, f - Strat's ghost
Aim: Strat's ghost (inner flame, 64% to hit)
The puff of flame hits Strat's ghost but does no damage.
Something hits you but does no damage.
Deactivating autopickup; reactivate with Ctrl-A.
Something hits you!
* * * LOW HITPOINT WARNING * * *
Something hits you but does no damage. Something hits you but does no damage.
Something hits you but does no damage.
The orb spider pulsates with a strange energy.
Something hits you.
* * * LOW HITPOINT WARNING * * *
Something hits you.
* * * LOW HITPOINT WARNING * * *
Something hits you.
* * * LOW HITPOINT WARNING * * *
Something hits you but does no damage. Something hits you but does no damage.
There is an open door here.
Something hits you but does no damage. Something hits you.
* * * LOW HITPOINT WARNING * * *
There is an open door here.
You feel yourself speed up. Something hits you but does no damage.
Strat's ghost hits you!
You die...

## #.. #.# ### #.#
#.. #####.## #.#
###......###### #.#
..).....>.....###.#
###......####...#.#
#...[..#
###.@.#####.+
####.###
###W......# #.#
###'###### #.##
#...# #..#
##W######## ##.#
#.........# #.#
#.........#
#######+####
#3........###
##.........#
#............


You could see Strat's ghost (inner flame).

Vanquished Creatures
  A boulder beetle (D:9)
  A centaur warrior (D:9)
  A death yak (D:10)
  2 two-headed ogres
  A glowing orange brain (D:10)
  Pikel (D:5)
  A harpy (shapeshifter) (D:10)
  4 ugly things
  An elephant (D:10)
  Joseph (D:7)
  Psyche (D:10)
  A meliai (shapeshifter) (D:10)
  A troll (D:6)
  A hornet (D:9)
  Sigmund (D:5)
  A basilisk (D:10)
  2 wyverns (D:9)
  Eustachio (D:6)
  9 yaks
  A shadow (D:10)
  A steam dragon (D:7)
  Edmund (D:4)
  2 water moccasins
  2 black bears
  A sky beast (D:6)
  An ice beast (D:6)
  2 ogres
  3 centaurs
  2 kobold brigands
  2 phantoms
  3 bullfrogs
  A scorpion (D:6)
  A water moccasin skeleton (D:4)
  7 killer bees
  8 wights
  4 howler monkeys (D:9)
  A crimson imp (D:7)
  2 electric eels (D:7)
  A jelly (D:4)
  A bullfrog zombie (D:6)
  9 centaur zombies
  2 hounds
  A centaur skeleton (D:7)
  3 orc priests
  A bullfrog skeleton (D:5)
  2 iguanas
  8 orc wizards
  2 killer bee zombies
  6 mummies (Ossuary)
  3 gnolls (D:3)
  7 adders
  A shadow imp (D:5)
  2 white imps
  2 adder skeletons (D:4)
  A worm (D:5)
  2 dart slugs
  18 orcs
  6 ball pythons
  12 endoplasms
  5 giant cockroaches
  7 goblins
  4 hobgoblins
  31 kobolds
  8 quokkas
  4 bats
  3 frilled lizards
  A gnoll zombie (Ossuary)
  A goblin zombie (Ossuary)
  2 hobgoblin zombies (Ossuary)
  A kobold zombie (Ossuary)
  6 rats
  2 butterflies (D:4)
242 creatures vanquished.

Vanquished Creatures (others)
  A wyvern (D:4)
  2 orcs (D:4)
  A fungus (D:10)
  74 plants
  A withered plant (D:1)
79 creatures vanquished.

Grand Total: 321 creatures vanquished

Notes
Turn   | Place    | Note
-------+----------+-------------------------------------------
     0 | Abyss:1  | CraigForest the Troll Abyssal Knight began the quest for
                  | the Orb.
     0 | Abyss:1  | Reached XP level 1. HP: 22/22 MP: 1/1
    35 | Abyss:1  | Noticed a wraith
    59 | Abyss:1  | Noticed a starcursed mass
    62 | D:1      | Escaped the Abyss
   147 | D:1      | Reached * piety under Lugonu
   148 | D:1      | Reached XP level 2. HP: 29/29 MP: 2/2
   153 | D:1      | Found a faded altar of an unknown god.
   453 | D:2      | Reached XP level 3. HP: 36/36 MP: 3/3
   792 | D:2      | Reached XP level 4. HP: 38/44 MP: 4/4
  1134 | D:3      | Found a broken altar of Ashenzari.
  1484 | D:3      | Reached skill level 5 in Unarmed Combat
  1486 | D:3      | Learned a level 1 spell: Sandblast
  1489 | D:3      | Learned a level 2 spell: Passwall
  1526 | D:3      | Reached ** piety under Lugonu
  1529 | D:3      | Reached skill level 1 in Earth Magic
  1529 | D:3      | Reached XP level 5. HP: 48/50 MP: 5/5
  1827 | D:4      | Noticed an ogre
  1835 | D:4      | Killed an ogre
  1842 | D:4      | Found Assu's Magic Scroll Boutique.
  1851 | D:4      | Reached XP level 6. HP: 29/59 MP: 6/6
  1857 | D:4      | Bought a scroll of enchant armour for 75 gold pieces
  1857 | D:4      | Bought a scroll of identify for 20 gold pieces
  1916 | D:4      | Killed a wyvern
  1977 | D:4      | Found a shimmering altar of Xom.
  2187 | D:4      | Found a staircase to the Ecumenical Temple.
  2196 | Temple   | Entered the Ecumenical Temple
  2591 | D:4      | Reached XP level 7. HP: 66/66 MP: 7/7
  2654 | D:5      | Entered Level 5 of the Dungeon
  2654 | D:5      | Noticed Edmund
  2662 | D:4      | Killed Edmund
  2788 | D:5      | Reached skill level 1 in Maces & Flails
  2790 | D:5      | Reached *** piety under Lugonu
  3157 | D:5      | Noticed Sigmund
  3162 | D:5      | Killed Sigmund
  3163 | D:5      | Reached skill level 2 in Maces & Flails
  3172 | D:5      | Noticed Pikel
  3180 | D:5      | Killed Pikel
  3181 | D:5      | Reached skill level 1 in Spellcasting
  3181 | D:5      | Reached skill level 1 in Transmutations
  3181 | D:5      | Reached skill level 1 in Evocations
  3181 | D:5      | Reached skill level 3 in Maces & Flails
  3181 | D:5      | Reached XP level 8. HP: 26/75 MP: 8/8
  3206 | D:5      | Found an ancient bone altar of Kikubaaqudgha.
  3208 | D:5      | Found a white marble altar of Elyvilon.
  3234 | D:5      | Found Modiyk's Magic Scroll Shoppe.
  3239 | D:5      | Reached skill level 4 in Maces & Flails
  3244 | D:5      | Bought a scroll of identify for 26 gold pieces
  3244 | D:5      | Bought a scroll of identify for 26 gold pieces
  3244 | D:5      | Bought a scroll of identify for 26 gold pieces
  3253 | D:5      | Learned a level 3 spell: Stone Arrow
  3939 | D:6      | Noticed a troll
  3952 | D:6      | Killed a troll
  4005 | D:6      | Noticed Eustachio
  4012 | D:6      | Killed Eustachio
  4013 | D:6      | Reached skill level 1 in Throwing
  4013 | D:6      | Reached skill level 1 in Conjurations
  4013 | D:6      | Reached XP level 9. HP: 75/84 MP: 9/9
  4129 | D:6      | Learned a level 2 spell: Slow
  4178 | D:6      | Reached skill level 5 in Maces & Flails
  4178 | D:6      | Reached skill level 5 in Dodging
  4264 | D:6      | Reached **** piety under Lugonu
  4519 | D:7      | Reached skill level 5 in Earth Magic
  4607 | D:7      | Found a sand-covered staircase.
  4612 | Ossuary  | Entered an ossuary
  4906 | D:7      | Identified a scroll of acquirement
  4906 | D:7      | Acquired +1 pearl dragon scales
  5001 | D:7      | Found a transporter.
  5015 | D:7      | Found a transporter.
  5057 | D:7      | Reached skill level 1 in Armour
  5124 | D:7      | Gained mutation: You have a pair of small horns on your
                  | head. [potion of mutation]
  5131 | D:7      | Found an opulent altar of Gozag.
  5194 | D:7      | Noticed Joseph
  5208 | D:7      | Killed Joseph
  5209 | D:7      | Reached XP level 10. HP: 75/92 MP: 10/10
  5220 | D:7      | Found a radiant altar of Vehumet.
  5221 | D:7      | Found a burning altar of Makhleb.
  5379 | D:8      | Noticed a two-headed ogre
  5388 | D:8      | Killed a two-headed ogre
  5389 | D:8      | Reached skill level 6 in Maces & Flails
  5462 | D:8      | Found a large runed translucent door.
  5463 | D:8      | Found a large runed translucent door.
  5659 | D:8      | Reached skill level 1 in Hexes
  5859 | D:8      | Learned a level 3 spell: Vampiric Draining
  5887 | D:8      | Found a blossoming altar of Fedhas.
  5902 | D:8      | Found an iron altar of Okawaru.
  5959 | D:9      | Reached ***** piety under Lugonu
  5988 | D:9      | Noticed a boulder beetle
  6024 | D:9      | Killed a boulder beetle
  6025 | D:9      | Reached skill level 5 in Armour
  6089 | D:9      | Found a hide-covered altar of Uskayaw.
  6267 | D:9      | Noticed a cyan ugly thing
  6267 | D:9      | Noticed a centaur warrior
  6280 | D:9      | Killed a cyan ugly thing
  6281 | D:9      | Reached XP level 11. HP: 42/100 MP: 11/11
  6289 | D:9      | Killed a centaur warrior
  6290 | D:9      | Reached skill level 7 in Maces & Flails
  6291 | D:9      | Noticed a two-headed ogre
  6303 | D:9      | Killed a two-headed ogre
  6308 | D:9      | Identified the +3 shortbow of the Imperium {speed, Str+5}
  6686 | D:10     | Entered Level 10 of the Dungeon
  6786 | D:10     | Noticed Psyche
  6800 | D:10     | Killed Psyche
  6801 | D:10     | Reached skill level 8 in Maces & Flails
  6839 | D:10     | Found a staircase to the Lair.
  6840 | D:10     | Noticed a death yak
  6869 | D:10     | Killed a death yak
  7073 | D:10     | Found a runed translucent gate.
  7073 | D:10     | Found a runed translucent gate.
  7073 | D:10     | Noticed a green ugly thing
  7073 | D:10     | Noticed a cyan ugly thing
  7074 | D:10     | Found a runed translucent gate.
  7075 | D:10     | Noticed a cyan ugly thing
  7084 | D:10     | Noticed a glowing orange brain
  7092 | D:10     | Killed a cyan ugly thing
  7120 | D:10     | Killed a glowing orange brain
  7121 | D:10     | Reached skill level 9 in Maces & Flails
  7123 | D:10     | Killed a purple ugly thing
  7135 | D:10     | Killed a purple ugly thing
  7154 | D:10     | Found a runed translucent gate.
  7154 | D:10     | Found a runed translucent gate.
  7163 | D:10     | Noticed Strat's ghost (journeyman TeFi)
  7164 | D:10     | Noticed a harpy
  7166 | D:10     | Found a runed translucent gate.
  7166 | D:10     | Noticed a harpy
  7166 | D:10     | Found the +4 robe of Folly {Brilliance Will-∞ Int+8}
  7172 | D:10     | a harpy changed into a cane toad
  7177 | D:10     | Noticed an orb spider
  7177 | D:10     | a guardian serpent changed into an orb spider
  7178 | D:10     | Gained mutation: You tend to lose your temper in combat. [a
                  | neqoxec]
  7184 | D:10     | Killed a harpy
  7207 | D:10     | Reached skill level 10 in Maces & Flails
  7224 | D:10     | Slain by Strat's ghost

Illustrated notes

Levels and vault maps discovered:
D:1:      eino_arrival_water_cross, layout_rooms,
          ebering_ecumenical_altar_petrified
D:2:      layout_loops_cross, kennysheep_generic_room_7
D:3:      layout_loops_ring, ashenzari_conservatory_becter,
          minmay_misc_feat_nine_boxes
D:4:      layout_cave_pools, xom_butterflies, lemuel_temple_firewalk_b,
          serial_shops, shop, hangedman_decor_clover_reticule,
          minmay_large_rounded_square, minivault_27
D:5:      kennysheep_kobold_camp, layout_loops_corners,
          nicolae_overflow_hidden_temple, serial_shops, shop_statue, uniq_pikel,
          uniq_sigmund, uniq_edmund
D:6:      layout_rooms, minmay_microvault, uniq_eustachio
D:7:      gammafunk_steamed_eel, layout_loops_ring, mainiacjoe_overflow_paths,
          grunt_temple_overflow_lords_of_destruction, enter_ossuary_5,
          uniq_joseph
D:8:      layout_gridville, jmf_multi_god_temple2
D:9:      layout_roguey, kennysheep_mini, minmay_radiant
D:10:     layout_roguey, david_lair_generic,
          ploomutoo_gammafunk_ghost_potion_laboratory, uniq_psyche
Temple:   minmay_temple_bridge_abc

Skill      XL: |  1  2  3  4  5  6  7  8  9 10 11 |
---------------+----------------------------------+-----
Dodging        | 2 3 4 6 7 |  7.0
Unarmed Combat | 3 4 5 6 7 8 |  8.0
Earth Magic    | 1 2 3 4 5 |  5.0
Invocations    | 2 4 |  4.0
Maces & Flails | 3 4 5 6 10 | 10.0
Fighting       | 3 4 |  4.0
Spellcasting   | 1 |  1.0
Transmutations | 1 |  1.0
Evocations     | 1 |  1.0
Throwing       | 1 |  1.0
Conjurations   | 1 |  1.0
Armour         | 1 6 |  6.0
Hexes          | 1 |  1.0

Action                   |  1- 3 |  4- 6 |  7- 9 | 10-12 || total
-------------------------+-------+-------+-------+-------++-------
Melee: Unarmed           |    84 |   135 |     7 |       ||   226
       Punch             |       |     1 |    26 |    12 ||    39
       Flail             |       |       |   402 |   265 ||   667
       Headbutt          |       |       |     4 |    69 ||    73
       Whip              |       |       |       |    12 ||    12
Throw: Dart              |       |     1 |       |     7 ||     8
 Cast: Sandblast         |       |     6 |     5 |     3 ||    14
Invok: Depart the Abyss  |     1 |       |       |       ||     1
Evoke: Wand              |       |       |       |     3 ||     3
       Piece from Xom's  |       |       |       |     1 ||     1
  Use: Scroll            |       |     7 |    15 |     6 ||    28
       Potion            |       |       |     2 |     2 ||     4
 Stab: Sleeping          |       |     1 |     1 |       ||     2
       Distracted        |       |       |     1 |       ||     1
       Paralysed         |       |       |       |     3 ||     3
Armor: Robe              |    17 |    44 |   156 |       ||   217
       Pearl dragon scal |       |       |    31 |   300 ||   331
Dodge: Dodged            |    37 |    62 |   205 |   193 ||   497

Table legend: (Time is in decaauts)
 A = Elapsed time spent in this place.
 B = Non-inter-level travel time spent in this place.
 C = Inter-level travel time spent in this place.
 D = Time resting spent in this place.
 E = Time spent auto-exploring this place.
 F = Levels seen in this place.
 G = Mean time per level.
                   A        B        C        D        E       F      G
               +--------+--------+--------+--------+--------+-----+--------+
         Total |   7302 |   7142 |    160 |      0 |   3265 |  13 |  561.7 |
       Dungeon |   6860 |   6723 |    137 |      0 |   3098 |  10 |  686.0 |
        Temple |    194 |    171 |     23 |      0 |    167 |   1 |  194.0 |
         Abyss |     62 |     62 |      0 |      0 |      0 |   1 |   62.0 |
       Ossuary |    185 |    185 |      0 |      0 |      0 |   1 |  185.0 |
               +--------+--------+--------+--------+--------+-----+--------+

Top non-repeatable levels by time:
     D:5: 1300 daAuts
     D:9: 753 daAuts
     D:7: 726 daAuts
     D:4: 701 daAuts
     D:2: 670 daAuts
     D:3: 633 daAuts
     D:8: 594 daAuts
     D:6: 564 daAuts
    D:10: 531 daAuts
     D:1: 382 daAuts
  Temple: 194 daAuts
 Ossuary: 185 daAuts
 Abyss:1: 62 daAuts
